 Dungeon Crawl Stone Soup version 0.30-a0-591-g3c58d2bc28 (webtiles) character file.

Game seed: 3882666205211076211

798628 wormed the Thanatomancer (level 27, -2/220 (225) HPs)
             Began as an Octopode Transmuter on Jan 5, 2023.
             Was an Initiate of Gozag.
             Killed from afar by a Tzitzimitl (14 damage)
             ... with a bolt of negative energy
             ... called by a doom hound
             ... on level 7 of Tartarus on Jan 6, 2023.
             The game lasted 03:08:41 (77826 turns).

wormed the Thanatomancer (Octopode Transmuter)     Turns: 77826, Time: 03:08:42

HP:   -2/220 (225)  AC: 32    Str: 20    XL:     27
MP:   17/44         EV: 36    Int: 35    God:    Gozag
Gold: 5242          SH:  0    Dex: 14    Spells: 6/60 levels left

rFire   + . .      SeeInvis +      - Unarmed
rCold   + + +      Faith    .    (shield currently unavailable)
rNeg    + . .      Spirit   .    (helmet currently unavailable)
rPois   ∞          Reflect  .    T - amulet "Dolesur" {RegenMP Rampage *Corrode Dex+3}
rElec   +          Harm     .    c - ring "Destosub" {Wiz rElec rC++ Will+ SInv}
rCorr   +          Rampage  +    D - ring "Notydir" {Fly rC+ Int+6 Dex-3}
Will    ++...      Clarity  +    x - ring of protection from fire
Stlth   +++                      S - +6 ring of intelligence
HPRegen 0.56/turn                W - ring of Niyvuluss {+Blink AC+4}
MPRegen 0.69/turn                O - ring of Karch {rPois rCorr Str+6 Stlth+}
                                 Q - ring "Gorour" {rC+ AC+4 Slay+3}
                                 A - ring "Muros" {rN+ AC+4 Stlth+}

@: storm-form, death channelling, wereblooded, gold aura, doom-hounded,
blinkbolt cooldown, flying, studying Maces & Flails, lightly drained,
weak-willed
A: cleaving, insubstantial, flying, almost no armour, amphibious, 8 rings,
(camouflage 1), (gelatinous body 1), (nimble swimmer 1), (tentacles), clarity,
(fire resistance 1), strong-willed 1, robust 1, MP-powered wands
}: 5/15 runes: serpentine, barnacled, slimy, silver, abyssal
a: Blinkbolt, End Transformation, Renounce Religion, Evoke Blink, Potion
Petition, Call Merchant, Bribe Branch


You were on level 7 of Tartarus.
You worshipped Gozag.
Gozag was greatly pleased with you.
You were a lightning-filled tempest!
You visited 13 branches of the dungeon, and saw 62 of its levels.
You visited the Abyss 2 times.
You visited 1 bazaar.
You also visited: Trove and Bailey.

You collected 41035 gold pieces.
You spent 8638 gold pieces at shops.
You paid 27155 gold pieces to Gozag.

Inventory:

Hand Weapons
 M - a +0 scimitar of flaming
Missiles
 p - 4 throwing nets
Armour
 Z - a +2 hat (melded)
Magical Staves
 f - a staff of air (melded)
Jewellery
 c - the ring "Destosub" (left tentacle) {Wiz rElec rC++ Will+ SInv}
   (You took it off a deep elf knight on level 3 of the Elven Halls)

   [ring of wizardry]

   It improves your spell success rate.
   rC:        It greatly protects you from cold.
   rElec:     It insulates you from electricity.
   SInv:      It lets you see invisible.
   Will:      It increases your willpower.
 g - an amulet of regeneration
 x - a ring of protection from fire (on tentacle)
 A - the ring "Muros" (on tentacle) {rN+ AC+4 Stlth+}
   (You took it off a deep elf sorcerer on level 3 of the Elven Halls)

   [ring of protection]

   AC:        It affects your AC (+4).
   rN:        It protects you from negative energy.
   Stlth:     It makes you more stealthy.
 D - the ring "Notydir" (right tentacle) {Fly rC+ Int+6 Dex-3}
   (You bought it in a shop on level 4 of the Vaults)

   [ring of intelligence]

   Int:       It affects your intelligence (+6).
   Dex:       It affects your dexterity (-3).
   rC:        It protects you from cold.
   Fly:       It grants you flight.
 O - the ring of Karch (on tentacle) {rPois rCorr Str+6 Stlth+}
   (You bought it in a shop on level 1 of the Dungeon)

   [ring of strength]

   Str:       It affects your strength (+6).
   rPois:     It protects you from poison.
   rCorr:     It protects you from acid and corrosion.
   Stlth:     It makes you more stealthy.
 Q - the ring "Gorour" (on tentacle) {rC+ AC+4 Slay+3}
   (You bought it in a shop on level 8 of the Dungeon)

   [ring of protection]

   AC:        It affects your AC (+4).
   Slay:      It affects your accuracy & damage with ranged weapons and melee
   (+3).
   rC:        It protects you from cold.
 S - a +6 ring of intelligence (on tentacle)
 T - the amulet "Dolesur" (around neck) {RegenMP Rampage *Corrode Dex+3}
   (You took it off a naga ritualist on level 3 of the Snake Pit)

   [amulet of magic regeneration]

   It increases your rate of magic regeneration.
   Dex:       It affects your dexterity (+3).
   *Corrode:  It may corrode you when you take damage.
   Rampage:   It bestows one free step when moving towards enemies.
 W - the ring of Niyvuluss (on tentacle) {+Blink AC+4}
   (You found it on level 4 of the Shoals)

   [ring of protection]

   AC:        It affects your AC (+4).
   +Blink:    It lets you blink.
Wands
 a - a wand of roots (55)
 e - a wand of mindburst (46)
 i - a wand of quicksilver (37)
 m - a wand of flame (94)
 q - a wand of polymorph (32)
 B - a wand of charming (28)
 N - a wand of digging (9) (quivered)
Scrolls
 d - 18 scrolls of teleportation
 h - 14 scrolls of vulnerability
 n - 20 scrolls of amnesia
 o - 2 scrolls of poison
 s - 9 scrolls of fog
 t - 3 scrolls of blinking
 y - a scroll of magic mapping
 C - 11 scrolls of enchant armour
 F - 7 scrolls of enchant weapon
 G - 4 scrolls of brand weapon
 H - 6 scrolls of butterflies
 I - 6 scrolls of silence
 J - 10 scrolls of fear
Potions
 b - 27 potions of curing
 j - 11 potions of might
 k - 8 potions of magic
 l - 7 potions of heal wounds
 r - 13 potions of attraction
 u - 18 potions of ambrosia
 v - 5 potions of invisibility
 w - 9 potions of flight
 z - 13 potions of lignification
 E - 9 potions of brilliance
 K - 5 potions of berserk rage
 L - 9 potions of resistance
 P - 7 potions of mutation
 R - 4 potions of cancellation
 U - 2 potions of haste
Miscellaneous
 V - a phantom mirror
 X - a tin of tremorstones (2/2)


   Skills:
 - Level 21.0 Fighting
 - Level 21.0 Dodging
 - Level 21.0 Unarmed Combat
 - Level 17.0 Spellcasting
 - Level 10.0 Summonings
 * Level 25.1 Necromancy
 - Level 10.0 Translocations
 - Level 21.3 Transmutations
 - Level 5.0 Ice Magic
 - Level 21.3 Air Magic
 - Level 11.0 Evocations


You had 6 spell levels left.
You knew the following spells:

 Your Spells              Type           Power      Damage    Failure   Level
a - Storm Form            Tmut/Air       54%        N/A       1%          7
b - Wereblood             Tmut           100%       N/A       0%          2
c - Death Channel         Necr           58%        N/A       0%          6
d - Vhi's Electric Charg  Tloc/Air       100%       N/A       0%          3
e - Infestation           Necr           58%        N/A       1%          8
f - Summon Forest         Summ/Tloc      39%        N/A       1%          5
g - Death's Door          Necr           58%        N/A       1%          9
h - Blink                 Tloc           100%       N/A       1%          2
i - Passage of Golubria   Tloc           79%        N/A       1%          4
j - Swiftness             Air            100%       N/A       0%          3
k - Silence               Hex/Air        40%        N/A       1%          5

Your spell library contained the following spells:

 Spells                   Type           Power      Damage    Failure   Level
 Apportation              Tloc           100%       N/A       0%          1
 Beastly Appendage        Tmut           100%       N/A       0%          1
 Necrotise                Necr           100%       1d9       0%          1
 Sting                    Tmut/Pois      100%       1d8       0%          1
 Summon Small Mammal      Summ           100%       N/A       0%          1
 Passwall                 Tmut/Erth      67%        N/A       0%          2
 Poisonous Vapours        Pois/Air       100%       N/A       0%          2
 Static Discharge         Conj/Air       100%       2-7/arc   0%          2
 Sublimation of Blood     Necr           100%       N/A       0%          2
 Vampiric Draining        Necr           100%       2d13      0%          3
 Airstrike                Air            54%        2d(8-24)  0%          4
 Summon Lightning Spire   Summ/Air       96%        N/A       0%          4
 Agony                    Necr           100%       N/A       0%          5
 Blade Hands              Tmut           54%        N/A       0%          5
 Foxfire                  Conj/Fire      100%       2x1d9     1%          1
 Magic Dart               Conj           100%       1d8       1%          1
 Sandblast                Erth           58%        2d13      1%          1
 Slow                     Hex            100%       N/A       1%          1
 Call Imp                 Summ           79%        N/A       1%          2
 Ensorcelled Hibernation  Hex/Ice        94%        N/A       1%          2
 Scorch                   Fire           58%        2d7       1%          2
 Call Canine Familiar     Summ           79%        N/A       1%          3
 Confusing Touch          Hex            29%        N/A       1%          3
 Dazzling Flash           Conj/Hex       58%        N/A       1%          3
 Frozen Ramparts          Ice            100%       1d16      1%          3
 Gell's Gravitas          Tloc           79%        N/A       1%          3
 Inner Flame              Hex/Fire       29%        N/A       1%          3
 Mephitic Cloud           Conj/Pois/Air  68%        N/A       1%          3
 Ozocubu's Armour         Ice            59%        N/A       1%          3
 Portal Projectile        Hex/Tloc       100%       N/A       1%          3
 Spider Form              Tmut/Pois      81%        N/A       1%          3
 Stone Arrow              Conj/Erth      58%        3d10      1%          3
 Summon Guardian Golem    Hex/Summ       59%        N/A       1%          3
 Teleport Other           Tloc           79%        N/A       1%          3
 Tukima's Dance           Hex            29%        N/A       1%          3
 Anguish                  Hex/Necr       43%        N/A       1%          4
 Ice Form                 Ice/Tmut       89%        N/A       1%          4
 Iskenderun's Mystic Bla  Conj/Tloc      59%        2d12      1%          4
 Manifold Assault         Tloc           79%        N/A       1%          4
 Petrify                  Tmut/Erth      81%        N/A       1%          4
 Summon Ice Beast         Ice/Summ       70%        N/A       1%          4
 Alistair's Intoxication  Tmut/Pois      54%        N/A       1%          5
 Arcjolt                  Conj/Air       40%        1d50      1%          5
 Borgnjor's Vile Clutch   Necr/Erth      43%        N/A       1%          5
 Freezing Cloud           Conj/Ice/Air   37%        6-21      1%          5
 Irradiate                Conj/Tmut      40%        3d25      1%          5
 Lightning Bolt           Conj/Air       40%        1d59      1%          5
 Summon Mana Viper        Hex/Summ       59%        N/A       1%          5
 Yara's Violent Unravell  Hex/Tmut       40%        3d16      1%          5
 Conjure Ball Lightning   Conj/Air       40%        3x3d13    1%          6
 Dispersal                Tloc           39%        N/A       1%          6
 Eringya's Noxious Bog    Tmut/Pois      40%        N/A       1%          6
 Summon Cactus Giant      Summ           39%        N/A       1%          6
 Cause Fear               Hex            14%        N/A       4%          4
 Flame Wave               Conj/Fire      29%        2d9       4%          4
 Fulminant Prism          Conj/Hex       14%        3d9       4%          4
 Leda's Liquefaction      Hex/Erth       14%        N/A       4%          4
 Olgreb's Toxic Radiance  Pois           29%        N/A       4%          4
 Sticky Flame             Conj/Fire      29%        2d5       4%          4
 Metabolic Englaciation   Hex/Ice        23%        N/A       4%          5
 Fireball                 Conj/Fire      14%        3d8       13%         5
 Iskenderun's Battlesphe  Conj           29%        2d8       13%         5
 Starburst                Conj/Fire      14%        6d6       56%         6
 Borgnjor's Revivificati  Necr           58%        N/A       1%          8
 Maxwell's Capacitive Co  Air            54%        ∞         1%          8
 Necromutation            Tmut/Necr      56%        N/A       1%          8
 Malign Gateway           Summ/Tloc      39%        N/A       7%          7
 Monstrous Menagerie      Summ           39%        N/A       7%          7
 Summon Hydra             Summ           39%        N/A       7%          7
 Ozocubu's Refrigeration  Ice            29%        4d14      45%         7
 Spellforged Servitor     Conj/Summ      29%        N/A       45%         7
 Disjunction              Tloc           39%        N/A       45%         8
 Enfeeble                 Hex            14%        N/A       98%         7
 Orb of Destruction       Conj           14%        9d7       98%         7
 Chain Lightning          Conj/Air       40%        3d54      99%         9
 Discord                  Hex            14%        N/A       100%        8
 Ignition                 Fire           14%        3d6       100%        8
 Lehudib's Crystal Spear  Conj/Erth      14%        10d5      100%        8
 Animate Dead             Necr           Unusable   N/A       N/A         4
 Animate Armour           Summ/Erth      Unusable   N/A       N/A         4
 Simulacrum               Ice/Necr       Unusable   N/A       N/A         6

Dungeon Overview and Level Annotations

Branches:
Dungeon (15/15)            Temple (0/1) D:7            Lair (5/5) D:9
 Shoals (4/4) Lair:3        Snake (4/4) Lair:3        Slime (5/5) Lair:4
    Orc (2/2) D:10            Elf (3/3) Orc:2        Vaults (5/5) D:13
  Crypt (3/3) Vaults:3       Tomb (0/3) Crypt:3      Depths (4/4) D:15
   Hell (visited)             Dis (0/7) Hell            Geh (0/7) Hell
    Coc (0/7) Hell            Tar (7/7) Hell            Zot (5/5) Depths:4
 Bailey (visited)

Altars:
Ashenzari
Cheibriados
Dithmenos
Fedhas
Gozag
Hepliaklqana
Kikubaaqudgha
Nemelex Xobeh
Okawaru
Qazlal
Sif Muna
Uskayaw
Vehumet
Wu Jian
Xom
Yredelemnul
The Shining One
Jiyva

Shops:
D:1 =*   D:7 [   D:8 ==   D:9 :   D:10 [   D:12 !   D:13 ?:   Orc:2 :*[*(
Elf:1 *   Shoals:4 :   Snake:1 [=*   Snake:2 *([([   Vaults:1 !
Vaults:2 [:?:*:   Vaults:4 =   Depths:1 (   Depths:4 [*

Portals:
Hell: Depths:1 Depths:2 Depths:3 Depths:4
Abyss: Depths:3
Pandemonium: Orc:2 Depths:2 Depths:3
Ziggurat: Depths:3


Innate Abilities, Weirdness & Mutations

You are a lightning-filled tempest!
Your electrical attacks strike out in all directions at once.
You are incredibly evasive.
Your insubstantial body is immune to petrification, constriction, and being set on fire You are flying.
You are immune to poison.
Your armour is entirely melded.
You are incapable of wielding weapons or throwing items.
You cannot wear most types of armour.
You are amphibious.
You can wear up to eight rings at the same time.
((Your skin changes colour to match your surroundings (Stealth+).))
((Your rubbery body absorbs attacks. (AC +1, EV +1)))
((You are camouflaged when in or above water. (Stealth+)))
((You have tentacles for arms and can constrict up to eight enemies at once.))
You possess an exceptional clarity of mind.
((Your flesh is heat resistant. (rF+)))
You are strong-willed. (Will+)
You are robust. (+10% HP)
You expend magic power (3 MP) to strengthen your wands.


Message History

Lightning courses through the tainted leviathan!
You destroy the tainted leviathan!
You blast the tormentor!!!
Lightning courses through the tormentor!
You kill the tormentor!
A glowing mist starts to gather...
The bone dragon is distracted by your dazzling golden aura.
The Tzitzimitl engulfs your spectral Tzitzimitl but does no damage.
The Tzitzimitl bites your spectral Tzitzimitl but does no damage.
You aren't ready to blinkbolt again yet.
Casting: Vhi's Electric Charge (safe; 0% risk of failure)
Confirm with . or Enter, or press ? or * to list all spells.
You can't see any susceptible monsters within range! (Use Z to cast anyway.)
Your life is in your own hands again!
Your spectral Tzitzimitl closely misses the Tzitzimitl.
Your spectral Tzitzimitl bites the Tzitzimitl but does no damage.
The Tzitzimitl engulfs your spectral Tzitzimitl but does no damage.
The Tzitzimitl bites your spectral Tzitzimitl but does no damage.
A Tzitzimitl comes into view.
You see here 7 gold pieces.
Casting: Vhi's Electric Charge (safe; 0% risk of failure)
Confirm with . or Enter, or press ? or * to list all spells.
Charge where?
Press: ? - help, Dir - move target, f - Tzitzimitl
Aim: a Tzitzimitl (87% to hit)
You charge forward with an electric crackle!
You blast the Tzitzimitl!!!
You punch the Tzitzimitl!
The Tzitzimitl is severely wounded.
You bellow as the wereblood boils in your veins!
You step away from death's doorway.
Your spectral Tzitzimitl hits the Tzitzimitl but does no damage.
Your spectral Tzitzimitl bites the Tzitzimitl!
Your spectral doom hound bites the Tzitzimitl.
Your spectral doom hound claws the Tzitzimitl.
The Tzitzimitl engulfs your spectral Tzitzimitl.
The Tzitzimitl bites your spectral Tzitzimitl but does no damage.
The Tzitzimitl gestures at you. The bolt of negative energy hits you!
You partially resist.
You feel drained.
You die...
Your body crumbles into a pile of gold.

***,.,,**..,##....####.........#.
#*,,,,,,*...#......##..........#.
..,,,,,.#...#..................#.
..,,,,,........................#.
..,,,,,...........$.....♣......#.
..,,.,,..........$$............#.
#*,,..,##...##...$.######......#.
,***...#.....#..1###....##.....#.
,,,,.........Z.$v.....#*$*.....#.
,,,,......Z....Z○.....#*,*.....#(
,,,,.....1Z.$.$.°°....#*$*.....#.
,***,,,#.....#..$###....**.....#.
**,,,,,##.$.##.°.°.*####*,.....#.
,,,,,,...............,,,,,.....#.
,,,,...................,,,,,,,,#.
,,,,...................,,,,,,,,#.
**,,....#...#....D.##..,,,,,,,,#.


You could see 2 Tzitzimimeh, a friendly spectral tormentor, a friendly spectral
Tzitzimitl and 2 friendly spectral doom hounds.

Vanquished Creatures
  the Royal Jelly (Slime:5)
  Ereshkigal (Tar:7)
  4 dread liches
  7 ancient liches
  7 orbs of fire
  Mara (Vaults:2)
  Mennas (Crypt:2)
  A juggernaut (Depths:4)
  Vv (Zot:1)
  Bai Suzhen (Snake:3)
  Frederick (Crypt:3)
  5 Killer Klowns
  Saint Roka (Depths:1)
  Margery (Crypt:3)
  Vashnia (Snake:2)
  The ghost of Budghuxen the Hoplite, a veteran HOFi of Qazlal (Vaults:2)
  6 curse toes
  Geryon (Hell)
  14 golden dragons
  5 caustic shrikes
  Nikola (Snake:3)
  7 profane servitors
  12 Tzitzimimeh
  A spectral shard shrike (Tar:5)
  16 doom hounds
  6 electric golems
  22 bone dragons
  Jorgrun (Shoals:1)
  2 hellephants
  Zenata (Crypt:2)
  13 tainted leviathans
  17 tentacled monstrosities
  A walking crystal tome (Depths:3)
  Asterion (Elf:3)
  A walking earthen tome (Depths:3)
  7 quicksilver dragons
  25 Orb Guardians (Zot:5)
  A shard shrike skeleton (Crypt:2)
  5 deep elf master archers
  4 deep elf blademasters
  17 liches
  Grunn (Crypt:2)
  A walking divine tome (Depths:3)
  Polyphemus (Shoals:4)
  2 krakens
  7 titans
  Murray (Hell)
  6 sphinxes
  23 acid blobs
  16 tentacled starspawn
  10 ancient champions
  3 Executioners (Abyss:3)
  2 thorn hunters (Abyss:3)
  14 storm dragons
  8 death cobs
  Kirke (D:14)
  5 shadow dragons
  7 revenants
  5 tengu reavers
  The ghost of Eciono the Covert, an adept GnDe of Okawaru (Elf:2)
  Donald (Vaults:2)
  4 draconian monks
  12 rockslimes
  5 iron dragons
  16 vault wardens
  7 nagarajas
  12 azure jellies
  Ilsuiw (Shoals:2)
  9 fire giants
  6 draconian knights
  9 deep elf sorcerers
  Aizul (Snake:1)
  15 frost giants
  A ghost moth (Zot:2)
  Louise (Shoals:1)
  A curse skull (Crypt:1)
  3 spectral caustic shrikes
  2 spectral juggernauts (Tar:4)
  3 draconian scorchers
  A draconian shifter (Zot:2)
  A ghost moth (shapeshifter) (Vaults:5)
  A balrug (Hell)
  A demonspawn corrupter (Abyss:3)
  5 draconian annihilators
  8 cacodemons
  5 deep elf elementalists (Elf:3)
  5 spriggan defenders
  6 draconian stormcallers
  22 ironbound preservers
  7 quicksilver oozes (Slime:5)
  9 reapers
  2 orc warlords (Orc:2)
  6 vampire knights
  50 very ugly things
  2 ghouls (Crypt:1)
  8 deep elf demonologists
  A rockslime zombie (Crypt:1)
  18 stone giants
  An ophan (Abyss:2)
  6 green draconians
  Nessos (Lair:5)
  18 putrid mouths
  A caustic shrike skeleton (Crypt:3)
  4 war gargoyles
  15 yellow draconians
  13 white draconians
  9 ironbound thunderhulks
  2 grey draconians (Depths:4)
  8 red draconians
  4 dire elephants
  3 lorocyprocas (Abyss:3)
  A spectral titan (Tar:4)
  15 deep elf annihilators
  Azrael (Snake:3)
  13 black draconians
  A bunyip (Abyss:3)
  9 purple draconians
  8 spark wasps
  A crystal guardian (Vaults:3)
  2 green deaths
  20 eidola
  Josephine (Lair:5)
  12 deep elf death magi
  10 deep elf high priests
  A spectral fenstrider witch (Tar:1)
  17 jiangshi
  13 ettins
  5 merfolk javelineers
  7 fire dragons
  14 great orbs of eyes
  4 spectral spriggans
  15 merfolk impalers
  6 rakshasas
  2 entropy weavers
  5 spriggan zombies
  An entropy weaver (shapeshifter) (Vaults:2)
  A salamander tyrant (Snake:4)
  12 ice dragons
  17 yaktaur captains
  3 catoblepae
  6 spriggan air magi
  2 peacekeepers
  5 boulder beetles
  5 hydras
  36 vault guards
  An alligator snapping turtle (Shoals:2)
  A juggernaut simulacrum (Hell)
  3 death knights
  24 anacondas
  2 demonspawn (Orc:2)
  3 merfolk avatars (Shoals:4)
  5 ogre magi
  3 spriggan skeletons
  25 dancing weapons
  17 naga warriors
  5 ironbound frosthearts
  A spectral stone giant (Tar:1)
  19 two-headed ogres
  10 centaur warriors
  A merfolk aquamancer (Shoals:3)
  3 deep troll earth magi
  2 satyrs
  6 spriggan berserkers
  7 deep troll shamans
  6 hell hogs
  4 spectral nagas
  9 orc high priests
  3 death yaks (Shoals:4)
  9 soul eaters
  10 tengu warriors
  10 vampire magi
  12 thrashing horrors
  Urug (Lair:5)
  A titan zombie (Crypt:1)
  19 deep elf knights
  24 naga sharpshooters
  6 shock serpents
  A titan skeleton (Abyss:3)
  19 hell knights
  4 iron trolls
  19 wretched stars
  10 sun demons
  A spectral bunyip (Tar:2)
  A storm dragon skeleton (Abyss:2)
  14 sea snakes
  42 skeletal warriors
  9 sixfirhies
  6 flayed ghosts
  22 shadow wraiths
  3 salamander mystics (Snake:4)
  A spatial maelstrom (Abyss:2)
  3 bog bodies (Shoals:4)
  9 glowing orange brains
  63 deep trolls
  2 anaconda zombies
  13 ironbound convokers
  A kraken simulacrum (Hell)
  9 naga ritualists
  7 wizards
  15 deep elf archers
  12 phantasmal warriors
  A golden dragon skeleton (Depths:2)
  9 lindwurms
  A shadow demon (Abyss:3)
  22 deep elf zephyrmancers
  2 wolf spider zombies (D:15)
  4 orc knights (Orc:2)
  15 mana vipers
  6 harpies (Shoals:4)
  23 deep elf pyromancers
  10 shining eyes
  14 necromancers
  2 iron dragon zombies
  8 cyclopes
  A fire giant zombie (Depths:2)
  2 mana vipers (shapeshifter)
  12 orc sorcerers
  A wolf spider (Vaults:5)
  3 spectral ettins (Tar:4)
  20 salamanders
  16 manticores
  21 moths of wrath
  A stone giant zombie (Vaults:1)
  39 ugly things
  7 water nymphs
  7 worldbinders (Abyss:3)
  10 fauns
  36 black mambas
  A frost giant skeleton (Depths:2)
  10 merfolk sirens
  7 apocalypse crabs
  16 elephants
  A stone giant skeleton (Vaults:1)
  3 eyes of devastation
  9 rust devils
  16 naga magi
  20 smoke demons
  9 centaur zombies
  6 molten gargoyles
  7 guardian serpents
  2 demonic crawlers
  A dire elephant skeleton (Crypt:3)
  6 cane toads
  An ice statue (Hell)
  26 vault sentinels
  An elf skeleton (Vaults:1)
  2 unseen horrors
  4 rime drakes
  4 gargoyles
  2 alligator snapping turtle zombies
  6 orange demons
  A komodo dragon (shapeshifter) (D:14)
  2 sea snake zombies
  An iron troll zombie (Crypt:1)
  4 hellions
  14 komodo dragons
  46 yaktaurs
  6 efreet
  An unseen horror (shapeshifter) (Depths:3)
  6 tengu conjurers
  13 tormentors
  An anaconda simulacrum (Hell)
  5 freezing wraiths
  A yaktaur skeleton (Vaults:1)
  2 ice devils
  An orb spider zombie (Crypt:2)
  A green draconian skeleton (Crypt:3)
  2 guardian mummies
  A queen bee (Lair:3)
  An unseen horror skeleton (Crypt:1)
  3 spectral harpies
  2 hydra zombies
  12 ancient zymes
  A harpy zombie (D:15)
  4 wind drakes
  4 trolls
  23 merfolk
  2 silent spectres
  7 polar bears
  A hornet (shapeshifter) (Vaults:2)
  An alligator zombie (Hell)
  A polar bear (shapeshifter) (Elf:1)
  A queen bee (shapeshifter) (D:14)
  A tyrant leech (shapeshifter) (Vaults:5)
  6 hornets
  7 hellwings
  A harpy skeleton (Crypt:3)
  Grinder (D:5)
  51 raiju
  7 snapping turtles
  13 dream sheep
  29 blink frogs
  39 large abominations
  116 slime creatures
  A meliai zombie (Crypt:3)
  2 alligator skeletons (Hell)
  8 ynoxinuls
  4 ettin skeletons
  Sigmund (D:2)
  3 air elementals
  15 flying skulls
  17 spriggans
  3 hogs (D:14)
  3 shadows
  11 wraiths
  58 yaks
  A spriggan (shapeshifter) (Vaults:2)
  8 water elementals
  A satyr skeleton (Crypt:2)
  14 fire elementals
  9 vampires
  6 wyverns
  A black mamba skeleton (Crypt:1)
  A dire elephant simulacrum (Hell)
  10 fire bats
  An elf zombie (Vaults:1)
  2 redbacks (Vaults:3)
  10 neqoxecs
  2 basilisks
  10 golden eyes
  6 chaos spawn
  A wind drake skeleton (Crypt:3)
  3 spatial vortices (Abyss:2)
  A naga zombie (Abyss:2)
  12 vampire mosquitoes
  A demonspawn zombie (Crypt:1)
  A steam dragon (D:8)
  53 nagas
  A naga (shapeshifter) (Vaults:2)
  3 acid dragons (Depths:4)
  13 water moccasins
  A glowing shapeshifter skeleton (Crypt:3)
  A warg (Depths:1)
  6 floating eyes
  6 hell hounds
  A water moccasin (shapeshifter) (Vaults:2)
  33 orc warriors
  An ogre skeleton (Vaults:1)
  A sky beast (shapeshifter) (Vaults:2)
  2 black bears
  2 alligator simulacra (Hell)
  3 sky beasts
  A black bear (shapeshifter) (D:14)
  A human zombie (Vaults:1)
  15 boggarts
  25 wolves
  16 ogres
  A centaur (D:10)
  26 small abominations
  A phantom (D:3)
  Blork the orc (D:4)
  A salamander zombie (Crypt:1)
  18 bullfrogs
  A bullfrog (shapeshifter) (Vaults:2)
  2 necrophages
  A gnoll sergeant (D:6)
  3 scorpions
  An earth elemental (Abyss:3)
  10 wights
  A two-headed ogre simulacrum (D:11)
  2 human skeletons
  33 killer bees
  A raiju skeleton (Crypt:3)
  3 electric eels
  5 howler monkeys
  A crimson imp (Abyss:3)
  3 lava snakes
  6 quasits
  3 jellies
  35 orc priests
  Crazy Yiuf (D:6)
  A gnoll bouda (D:7)
  5 hounds
  2 iron imps (Abyss:3)
  74 starcursed masses
  Jessica (D:3)
  9 iguanas
  2 scorpion zombies
  14 orc wizards
  A spriggan simulacrum (D:11)
  8 hell rats
  A troll simulacrum (D:11)
  A boggart skeleton (Crypt:3)
  A tengu zombie (Crypt:3)
  A deep dwarf zombie (Crypt:1)
  19 mummies
  A howler monkey zombie (Crypt:2)
  16 gnolls
  17 adders
  3 shadow imps
  5 white imps
  An ufetubus (Abyss:3)
  3 worms
  3 dart slugs
  98 orcs
  8 ball pythons
  2 endoplasms
  6 giant cockroaches
  12 goblins
  9 hobgoblins (Bailey)
  4 quokkas
  8 bats
  5 frilled lizards
  A gnoll zombie (Crypt:2)
  A goblin skeleton (Crypt:2)
  A hobgoblin zombie (D:5)
  5 kobolds
  3 kobold zombies
  An orc zombie (D:5)
  7 rats
  2 fire vortices (D:13)
  A lurking horror (Abyss:2)
  A plant (Shoals:1)
  10 starspawn tentacles
  6 tentacles
3344 creatures vanquished.

Vanquished Creatures (collateral kills)
  A dread lich (Vaults:5)
  A bone dragon (Tar:7)
  A war gargoyle (Hell)
  A yaktaur captain (Vaults:5)
  A hell hog (Hell)
  A hell knight (Vaults:5)
  A sun demon (Hell)
  A sixfirhy (Hell)
  A flayed ghost (Abyss:3)
  2 necromancers (Hell)
  An ugly thing (Abyss:3)
  2 rust devils (Hell)
  A tormentor (Tar:7)
  2 raiju (Abyss:3)
  A blink frog (Abyss:3)
  2 chaos spawn (Abyss:3)
  2 large abominations (Abyss:3)
  An ice beast (Abyss:3)
  An ettin simulacrum (Hell)
  3 small abominations (Abyss:3)
  An iron imp (Abyss:3)
  3 hell rats (Hell)
  A white imp (Abyss:3)
  2 ufetubi (Abyss:3)
  A lurking horror (Abyss:3)
35 creatures vanquished.

Vanquished Creatures (others)
  A deep elf sorcerer (Elf:2)
  A red draconian (Zot:4)
  A merfolk javelineer (Shoals:2)
  A deep elf high priest (Elf:3)
  A deep troll earth mage (Vaults:5)
  2 deep elf knights
  3 wizards
  A dream sheep (Shoals:3)
  An air elemental (Abyss:2)
  2 humans (D:14)
  A water moccasin (Lair:4)
  An orc warrior (D:8)
  A small abomination (Abyss:2)
  A boggart (Vaults:2)
  2 starcursed masses (Abyss:2)
  A white imp (Abyss:2)
  An orc (Orc:2)
  6 demonic plants (Abyss:2)
  21 fungi
  68 plants
  12 starspawn tentacles
  12 tentacles
141 creatures vanquished.

Grand Total: 3520 creatures vanquished

Notes
Turn   | Place    | Note
-------+----------+-------------------------------------------
     0 | D:1      | wormed the Octopode Transmuter began the quest for the Orb.
     0 | D:1      | Reached XP level 1. HP: 13/13 MP: 3/3
   223 | D:1      | Reached XP level 2. HP: 18/18 MP: 3/5
   419 | D:1      | Learned a level 2 spell: Wereblood
   765 | D:1      | Reached XP level 3. HP: 23/23 MP: 2/6
  1005 | D:2      | Noticed Sigmund
  1014 | D:2      | Killed Sigmund
  1015 | D:2      | Reached skill level 1 in Ice Magic
  1015 | D:2      | Reached XP level 4. HP: 25/29 MP: 5/8
  1015 | D:2      | Reached XP level 5. HP: 30/34 MP: 5/9
  1116 | D:2      | Learned a level 4 spell: Ice Form
  1187 | D:2      | Reached XP level 6. HP: 33/39 MP: 7/10
  1659 | D:3      | Identified the +3 battleaxe "Jujylluumm" {freeze, rPois}
  1678 | D:3      | Found a shimmering altar of Xom.
  1697 | D:3      | Found a shimmering altar of Xom.
  1698 | D:3      | Found a shimmering altar of Xom.
  1698 | D:3      | Found a shimmering altar of Xom.
  1700 | D:3      | Found a shimmering altar of Xom.
  2180 | D:3      | Noticed Jessica
  2189 | D:3      | Killed Jessica
  2725 | D:3      | Reached XP level 7. HP: 44/45 MP: 6/11
  3288 | D:4      | Found an opulent altar of Gozag.
  3304 | D:4      | Became a worshipper of Gozag Ym Sagoz the Greedy
  3657 | D:4      | Noticed Blork the orc
  3683 | D:4      | Killed Blork the orc
  3913 | D:4      | Found a shimmering blue altar of Sif Muna.
  4232 | D:5      | Entered Level 5 of the Dungeon
  4280 | D:5      | Reached skill level 5 in Transmutations
  4287 | D:5      | Reached XP level 8. HP: 52/52 MP: 11/13
  4599 | D:5      | Found a hide-covered altar of Uskayaw.
  4712 | D:5      | Found a basalt altar of Yredelemnul.
  4713 | D:5      | Noticed Grinder
  4721 | D:5      | Paralysed by Grinder for 5 turns
  4730 | D:5      | Killed Grinder
  5232 | D:6      | Found an ornate altar of the Wu Jian Council.
  5235 | D:6      | Found a blossoming altar of Fedhas.
  5238 | D:6      | Found a shadowy altar of Dithmenos.
  5283 | D:6      | Reached skill level 5 in Unarmed Combat
  5622 | D:6      | Found a runed translucent door.
  5623 | D:6      | Noticed Crazy Yiuf
  5796 | D:6      | Killed Crazy Yiuf
  5894 | D:7      | Reached XP level 9. HP: 58/58 MP: 15/15
  6029 | D:7      | Found a glowing golden altar of the Shining One.
  6055 | D:7      | Found a sparkling altar of Nemelex Xobeh.
  6162 | D:7      | Found a radiant altar of Vehumet.
  6230 | D:7      | Found a staircase to the Ecumenical Temple.
  6680 | D:7      | Found Yrockisy's Armour Shoppe.
  6881 | D:8      | Reached skill level 5 in Dodging
  6915 | D:8      | Reached skill level 5 in Spellcasting
  6916 | D:8      | Reached skill level 5 in Fighting
  7012 | D:8      | Found a flagged portal.
  7030 | Bailey   | Entered a bailey
  7172 | Bailey   | Reached XP level 10. HP: 62/66 MP: 17/17
  7181 | Bailey   | Reached skill level 5 in Ice Magic
  7406 | Bailey   | Noticed an orc warlord
  8124 | D:8      | Acquired 522 gold pieces
  8261 | D:9      | Reached skill level 1 in Air Magic
  8544 | D:9      | Found a staircase to the Lair.
  8586 | D:9      | Noticed a gargoyle
  8594 | D:9      | Killed a gargoyle
  8817 | D:9      | Found a hazy altar of Hepliaklqana.
  9006 | D:10     | Entered Level 10 of the Dungeon
  9081 | D:10     | Noticed a gargoyle
  9085 | D:10     | Killed a gargoyle
  9106 | D:10     | Found an iron altar of Okawaru.
  9180 | D:10     | Reached XP level 11. HP: 72/72 MP: 19/19
  9439 | D:10     | Found Conleel's Armour Shop.
  9443 | D:10     | Found a staircase to the Orcish Mines.
  9874 | D:11     | Noticed a cyclops
 10381 | D:11     | Noticed a two-headed ogre
 10384 | D:11     | Found a broken altar of Ashenzari.
 10389 | D:11     | Killed a two-headed ogre
 10756 | D:11     | Killed a cyclops
 10969 | D:11     | Noticed a two-headed ogre
 10973 | D:11     | Noticed a two-headed ogre
 10978 | D:11     | Killed a two-headed ogre
 10979 | D:11     | Reached skill level 5 in Air Magic
 10982 | D:11     | Killed a two-headed ogre
 10983 | D:11     | Reached skill level 10 in Transmutations
 11146 | Lair:1   | Entered Level 1 of the Lair of Beasts
 11477 | Lair:1   | Reached XP level 12. HP: 81/81 MP: 22/22
 12760 | D:8      | Bought the ring "Gorour" {rC+ AC+4 Slay+3} for 876 gold
                  | pieces
 12763 | D:8      | Acquired 863 gold pieces
 12766 | D:8      | Bought a +5 ring of evasion for 432 gold pieces
 12930 | Lair:3   | Learned a level 7 spell: Storm Form
 13080 | Lair:3   | Found a staircase to the Snake Pit.
 13352 | Lair:3   | Reached XP level 13. HP: 88/88 MP: 20/24
 13556 | Lair:3   | Found a staircase to the Shoals.
 14926 | Lair:4   | Identified the +5 flail "Grim" {heavy, rC+ Will+ SInv}
 14937 | Lair:4   | Found a staircase to the Slime Pits.
 14938 | Lair:4   | Found a viscous altar of Jiyva.
 15424 | Lair:5   | Entered Level 5 of the Lair of Beasts
 15424 | Lair:5   | Noticed Nessos
 15480 | Slime:1  | Entered Level 1 of the Pits of Slime
 15564 | Lair:5   | Noticed Urug
 15572 | Lair:4   | Reached skill level 10 in Air Magic
 15720 | Lair:5   | Reached XP level 14. HP: 88/97 MP: 21/26
 15984 | Lair:5   | Killed Nessos
 16262 | Lair:5   | Reached skill level 10 in Unarmed Combat
 16838 | Lair:5   | Reached skill level 10 in Dodging
 16871 | Lair:5   | Noticed Josephine
 16882 | Lair:5   | Killed Josephine
 17394 | Lair:5   | Killed Urug
 17890 | D:12     | Identified the +5 whip of Saymoiko {speed, rPois Str+6
                  | Int+2}
 17897 | D:12     | Found a snail-covered altar of Cheibriados.
 18100 | D:12     | Reached skill level 10 in Fighting
 18151 | D:12     | Found Suenenle's Distillery.
 18514 | D:13     | You are sucked into a shaft and drop 2 floors!
 18514 | D:15     | Entered Level 15 of the Dungeon
 18569 | D:15     | Found a portal to a secret trove of treasure.
 18603 | D:15     | Found an opulent altar of Gozag.
 18659 | D:14     | Noticed Kirke
 18710 | D:13     | Reached XP level 15. HP: 103/103 MP: 16/27
 18933 | D:13     | Found a gate to the Vaults.
 19266 | D:13     | Acquired a Fen Folio
 19537 | D:14     | Killed Kirke
 19734 | D:14     | Got the Almanac of Distorted Accompaniment
 20845 | D:15     | Reached XP level 16. HP: 75/111 MP: 28/28
 21200 | D:15     | Found a staircase to the Depths.
 21528 | Orc:1    | Entered Level 1 of the Orcish Mines
 21644 | Orc:2    | Entered Level 2 of the Orcish Mines
 21644 | Orc:2    | Found a staircase to the Elven Halls.
 22113 | Orc:2    | Found Hiofaw's Weapon Shoppe.
 22179 | Orc:2    | Found Pyarogea's General Store.
 22180 | Orc:2    | Found Keawa's General Store.
 22430 | Orc:2    | Reached skill level 15 in Transmutations
 22554 | Orc:2    | Found Ojast's Book Shop.
 22554 | Orc:2    | Found Qijacik's Antique Armour Boutique.
 22555 | Orc:2    | Found a one-way gate leading to the halls of Pandemonium.
 23327 | Snake:1  | Entered Level 1 of the Snake Pit
 23395 | Snake:1  | Found Nulocuk's General Store.
 23397 | Snake:1  | Found Con Maxo's Jewellery Emporium.
 23399 | Snake:1  | Found Omeatiqie's Antique Armour Shoppe.
 23415 | Snake:1  | Bought a +6 ring of intelligence for 684 gold pieces
 23518 | Snake:1  | Reached skill level 15 in Air Magic
 23952 | Snake:1  | Noticed Aizul
 23962 | Snake:1  | Killed Aizul
 24586 | Snake:2  | Noticed a nagaraja
 24600 | Snake:2  | Killed a nagaraja
 24811 | Snake:2  | Noticed Vashnia
 24815 | Snake:2  | Reached XP level 17. HP: 116/116 MP: 29/29
 24838 | Snake:2  | Killed Vashnia
 25023 | Snake:2  | Found Lacuk's Antique Armour Boutique.
 25087 | Snake:2  | Found Satoxam's Antique Weapon Emporium.
 25373 | Snake:2  | Found Uschywaics's Assorted Antiques.
 25430 | Snake:2  | Found Iqudohus's Antique Armour Shoppe.
 25476 | Snake:2  | Found Jiuxki Vops's Weapon Shoppe.
 25623 | Snake:3  | Noticed Nikola
 25631 | Snake:3  | Killed Nikola
 25635 | Snake:3  | Noticed Bai Suzhen
 25673 | Snake:3  | Killed Bai Suzhen
 25894 | Snake:3  | Noticed Azrael
 25903 | Snake:3  | Killed Azrael
 26320 | Snake:3  | Identified the amulet "Dolesur" {RegenMP Rampage *Corrode
                  | Dex+3}
 27064 | Snake:3  | Learned a level 4 spell: Airstrike
 27068 | Snake:3  | Learned a level 3 spell: Swiftness
 27106 | Snake:4  | Entered Level 4 of the Snake Pit
 27150 | Snake:4  | Reached XP level 18. HP: 89/125 MP: 15/31
 28780 | Snake:4  | Got a serpentine rune of Zot
 28929 | Shoals:1 | Entered Level 1 of the Shoals
 28938 | Shoals:1 | Reached skill level 10 in Spellcasting
 28944 | Shoals:1 | Noticed Jorgrun
 28957 | Shoals:1 | Killed Jorgrun
 28963 | Shoals:1 | Identified the +0 kite shield "Gihu Onn" {rF+ Int+3 Dex+3
                  | Slay+3}
 29343 | Shoals:1 | Noticed Louise
 29355 | Shoals:1 | Killed Louise
 30069 | Shoals:2 | Noticed Ilsuiw
 30081 | Shoals:2 | Reached XP level 19. HP: 129/133 MP: 33/33
 30148 | Shoals:2 | Killed Ilsuiw
 30645 | Shoals:2 | You are sucked into a shaft and drop 1 floor!
 30934 | Shoals:2 | Learned a level 5 spell: Summon Forest
 31329 | Shoals:2 | Reached skill level 1 in Summonings
 31329 | Shoals:2 | Reached skill level 1 in Translocations
 32275 | Shoals:4 | Entered Level 4 of the Shoals
 32276 | Shoals:4 | Noticed Polyphemus
 32296 | Shoals:4 | Killed Polyphemus
 32433 | Shoals:4 | Got a barnacled rune of Zot
 33072 | Shoals:4 | Identified the ring of Niyvuluss {+Blink AC+4}
 33189 | Shoals:4 | Identified the +8 trident "Newtslayer" {speed, Fragile
                  | rPois rC++ rCorr}
 33202 | Shoals:4 | Found Bukeo's Book Boutique.
 33276 | Shoals:4 | Identified the +12 halberd of the Eggplant {holy, Will+
                  | Int+3}
 33903 | Vaults:1 | Entered Level 1 of the Vaults
 33910 | Vaults:1 | Reached skill level 5 in Summonings
 33910 | Vaults:1 | Reached skill level 5 in Translocations
 33961 | Vaults:1 | Found Ibliuc's Distillery.
 34134 | Vaults:1 | Reached XP level 20. HP: 139/139 MP: 30/35
 35653 | Shoals:4 | Bought a book of Lightning for 532 gold pieces
 35659 | Shoals:4 | Learned a level 3 spell: Vhi's Electric Charge
 36061 | Vaults:2 | Noticed Mara
 36070 | Vaults:2 | Noticed wormed's illusion
 36081 | Vaults:2 | Killed Mara
 36177 | Vaults:2 | Found a runed translucent gate.
 36177 | Vaults:2 | Found a runed translucent gate.
 36178 | Vaults:2 | Found a runed translucent gate.
 36399 | Vaults:2 | Noticed Donald
 36409 | Vaults:2 | Killed Donald
 36782 | Vaults:2 | Found Cakkedwe's Armour Emporium.
 36795 | Vaults:2 | Reached skill level 10 in Translocations
 36800 | Vaults:2 | Reached skill level 10 in Summonings
 37163 | Vaults:2 | Identified the ring "Magih" {rF+ Will- Dex+6}
 37362 | Vaults:2 | Found Naheco's Book Emporium.
 37453 | Vaults:2 | Reached XP level 21. HP: 145/145 MP: 28/37
 37504 | Vaults:2 | Found a runed translucent gate.
 37504 | Vaults:2 | Found a runed translucent gate.
 37510 | Vaults:2 | Found a runed translucent gate.
 37518 | Vaults:2 | Noticed Budghuxen's ghost (veteran HOFi)
 37572 | Vaults:2 | Killed Budghuxen's ghost
 37620 | Vaults:2 | Identified the -1 hat "Uzxof" {rElec Str+5}
 38869 | Vaults:3 | Found a staircase to the Crypt.
 39370 | Vaults:4 | Paralysed by a great orb of eyes for 4 turns
 39767 | Vaults:4 | Paralysed by a sphinx for 2 turns
 39922 | Vaults:4 | Reached XP level 22. HP: 151/154 MP: 38/38
 40562 | Vaults:4 | Bought the ring "Tingidgh" {rC+ Int+3 Stlth-} for 442 gold
                  | pieces
 40562 | Vaults:4 | Bought the ring "Notydir" {Fly rC+ Int+6 Dex-3} for 549
                  | gold pieces
 40918 | Elf:1    | Entered Level 1 of the Elven Halls
 41411 | Elf:1    | Found Mol Biqy's General Store.
 41473 | Elf:1    | Reached skill level 1 in Evocations
 42215 | Elf:2    | Found a runed translucent door.
 42222 | Elf:2    | Noticed Eciono's ghost (adept GnDe)
 42249 | Elf:2    | Killed Eciono's ghost
 42279 | Elf:2    | Identified the +8 whip "Subliun" {venom, rC+}
 42586 | Elf:2    | Found a huge runed gate.
 42586 | Elf:2    | Found a huge runed gate.
 42586 | Elf:2    | Found a huge runed gate.
 42586 | Elf:2    | Found a huge runed gate.
 42586 | Elf:2    | Found a huge runed gate.
 42586 | Elf:2    | Found a huge runed gate.
 42586 | Elf:2    | Found a huge runed gate.
 42586 | Elf:2    | Found a huge runed gate.
 42601 | Elf:2    | Found a huge runed gate.
 42607 | Elf:2    | Found a huge runed gate.
 42649 | Elf:2    | Found a huge runed gate.
 42649 | Elf:2    | Found a huge runed gate.
 42649 | Elf:2    | Found a huge runed gate.
 42650 | Elf:2    | Found a huge runed gate.
 42651 | Elf:2    | Found a huge runed gate.
 42652 | Elf:2    | Found a huge runed gate.
 42652 | Elf:2    | Found a huge runed gate.
 42652 | Elf:2    | Found a huge runed gate.
 42653 | Elf:2    | Found a huge runed gate.
 42661 | Elf:2    | Found a huge runed gate.
 42661 | Elf:2    | Found a huge runed gate.
 42661 | Elf:2    | Found a huge runed gate.
 42661 | Elf:2    | Found a huge runed gate.
 42661 | Elf:2    | Found a huge runed gate.
 42763 | Elf:2    | Found a huge runed translucent gate.
 42763 | Elf:2    | Found a huge runed translucent gate.
 42763 | Elf:2    | Found a huge runed translucent gate.
 42767 | Elf:2    | Found a huge runed translucent gate.
 42767 | Elf:2    | Found a huge runed translucent gate.
 42957 | Elf:2    | Found a huge runed gate.
 42958 | Elf:2    | Found a huge runed gate.
 42967 | Elf:2    | Found a huge runed gate.
 42968 | Elf:2    | Found a huge runed gate.
 42969 | Elf:2    | Found a huge runed gate.
 42970 | Elf:2    | Found a huge runed gate.
 42971 | Elf:2    | Found a huge runed gate.
 42972 | Elf:2    | Found a huge runed gate.
 42973 | Elf:2    | Found a huge runed gate.
 42983 | Elf:2    | Found a huge runed gate.
 43004 | Elf:2    | Found a huge runed gate.
 43004 | Elf:2    | Found a huge runed gate.
 43779 | Elf:2    | Reached skill level 15 in Unarmed Combat
 43853 | Elf:2    | Reached skill level 5 in Evocations
 44034 | Elf:3    | Entered Level 3 of the Elven Halls
 44148 | Elf:3    | Identified the +5 kite shield of Grace {Str+4}
 44148 | Elf:3    | Noticed Asterion
 44251 | Elf:3    | Killed Asterion
 44708 | Elf:3    | Identified the +3 morningstar of Peril {antimagic, Str+4
                  | Int+5}
 44710 | Elf:3    | Reached XP level 23. HP: 141/162 MP: 27/39
 44767 | Elf:3    | Identified the +1 scale mail "Dyosh" {rPois}
 44940 | Elf:3    | Identified the ring "Muros" {rN+ AC+4 Stlth+}
 44964 | Elf:3    | Reached skill level 15 in Dodging
 45244 | Elf:3    | Reached skill level 15 in Fighting
 45588 | Elf:3    | Identified the +10 arbalest of the Healing Dove {drain, rC-
                  | rN+ Will+ MP+9}
 45698 | Elf:3    | Identified the ring "Destosub" {Wiz rElec rC++ Will+ SInv}
 45864 | Elf:3    | Identified the +3 broad axe "Egoulyz" {flame, rC+++ Int+3
                  | Dex-2 Stlth+}
 45871 | Elf:3    | Identified the +6 trident "Zoofihy" {freeze, Contam rPois
                  | Will+ Int+3}
 45914 | Elf:3    | Identified the +4 war axe "Beastslayer" {venom, Will+ rCorr
                  | Int+4}
 45988 | Elf:3    | Found the +0 staff of Battle
 46027 | Elf:3    | Identified the +5 triple crossbow of Gin and Tonic {flame,
                  | rElec}
 46658 | Vaults:5 | Entered Level 5 of the Vaults
 46669 | Vaults:5 | Noticed a golden dragon
 46671 | Vaults:5 | Noticed a dread lich
 46689 | Vaults:5 | Killed a golden dragon
 46691 | Vaults:5 | Killed a dread lich
 46803 | Vaults:5 | Noticed a dread lich
 46880 | Vaults:5 | Killed a dread lich
 46945 | Vaults:5 | Noticed a golden dragon
 46952 | Vaults:5 | Killed a golden dragon
 46953 | Vaults:5 | Identified the +2 leather armour of the Eight Boll Weevils
                  | {Rampage Int+2}
 46959 | Vaults:5 | Noticed an ancient lich
 46971 | Vaults:4 | Killed an ancient lich
 47124 | Vaults:5 | Reached XP level 24. HP: 170/170 MP: 33/39
 47128 | Vaults:5 | Reached skill level 10 in Evocations
 47132 | Vaults:5 | Identified the ring "Iverch" {Contam rCorr Dex+6 Stlth+}
 47183 | Vaults:5 | Identified the +7 demon whip of the Poles {freeze, *Noise
                  | rF+++ rN+ MP-9}
 47190 | Vaults:5 | Noticed an ancient lich
 47193 | Vaults:5 | Killed an ancient lich
 47590 | Vaults:5 | Got a silver rune of Zot
 48376 | Vaults:5 | Identified the +5 sling of Distant Worlds {elec, Int-4
                  | Dex+4}
 48939 | D:1      | Bought the ring of Karch {rPois rCorr Str+6 Stlth+} for 889
                  | gold pieces
 49350 | Crypt:1  | Entered Level 1 of the Crypt
 50317 | Crypt:2  | Noticed Grunn
 50330 | Crypt:2  | Killed Grunn
 50331 | Crypt:2  | Noticed Zenata
 50342 | Crypt:2  | Noticed Mennas
 50348 | Crypt:2  | Killed Zenata
 50360 | Crypt:2  | Killed Mennas
 51456 | Crypt:3  | Entered Level 3 of the Crypt
 51638 | Crypt:3  | Reached XP level 25. HP: 179/179 MP: 37/39
 51713 | Crypt:3  | Noticed Margery
 51723 | Crypt:3  | Killed Margery
 51825 | Crypt:3  | Noticed Frederick
 51831 | Crypt:3  | Killed Frederick
 52132 | Crypt:3  | Identified the +5 flail "Goett" {heavy, Fly Int+10}
 52213 | Crypt:3  | Found a staircase to the Tomb.
 52379 | Crypt:3  | Found an ancient bone altar of Kikubaaqudgha.
 52380 | Crypt:3  | Found a basalt altar of Yredelemnul.
 52535 | Crypt:3  | Identified the +11 flail of Unaps {flame, *Rage rN+ Int+3}
 52771 | Crypt:3  | Got Sif Muna's Textbook on Interference and Phantasms
 54817 | Slime:5  | Entered Level 5 of the Pits of Slime
 54860 | Slime:5  | Noticed the Royal Jelly
 55579 | Slime:5  | Killed the Royal Jelly
 55623 | Slime:5  | Found the +5 Lochaber axe {reach-cleave, poleaxe, Drain}
 55627 | Slime:5  | Reached XP level 26. HP: 158/188 MP: 39/39
 55698 | Slime:5  | Got a slimy rune of Zot
 56476 | Depths:1 | Entered Level 1 of the Depths
 56532 | Depths:1 | Found Asmu's Weapon Boutique.
 56635 | Depths:1 | Found a flickering gateway to a bazaar.
 56644 | Bazaar   | Entered a bazaar
 56663 | Bazaar   | Found Vewny's Antique Armour Emporium.
 56664 | Bazaar   | Found Xoxo Lisch's Assorted Antiques.
 56707 | Bazaar   | Found Dameiput's Antique Weapon Shoppe.
 56707 | Bazaar   | Found Poprik's Weapon Shoppe.
 56749 | Bazaar   | Bought 2 potions of curing for 174 gold pieces
 56971 | Depths:1 | Noticed Saint Roka
 56981 | Depths:1 | Killed Saint Roka
 57101 | Depths:1 | Found a gateway to Hell.
 57345 | Depths:1 | Found a blossoming altar of Fedhas.
 57461 | Depths:1 | Found a stormy altar of Qazlal.
 58683 | D:9      | Bought Feicrosaic's Book of Cooperative Blasts for 560 gold
                  | pieces
 58874 | Vaults:2 | Bought the Unrestrained Analects for 440 gold pieces
 58879 | Vaults:2 | Learned a level 4 spell: Passage of Golubria
 59189 | Orc:2    | Bought an Inescapable Atlas for 448 gold pieces
 59192 | Orc:2    | Learned a level 2 spell: Blink
 59197 | Orc:2    | Learned a level 4 spell: Manifold Assault
 59292 | D:9      | Bought a Necronomicon for 784 gold pieces
 59302 | D:9      | Learned a level 9 spell: Death's Door
 59396 | Orc:2    | Bought a book of Unlife for 504 gold pieces
 59404 | Orc:2    | Learned a level 6 spell: Death Channel
 60102 | Depths:2 | Gained mutation: Your natural rate of healing is unusually
                  | fast. [a cacodemon]
 60103 | Depths:2 | Gained mutation: You are frail. (-10% HP) [a cacodemon]
 60616 | Depths:3 | Paralysed by a floating eye for 4 turns
 60628 | Depths:3 | Reached XP level 27. HP: 116/177 MP: 31/39
 60786 | Depths:3 | Found a one-way gateway to a ziggurat.
 60790 | Depths:3 | Paralysed by a floating eye for 2 turns
 60792 | Depths:3 | Gained mutation: Your body sometimes deteriorates upon
                  | taking damage. [a shining eye]
 60887 | Depths:3 | Found a one-way gate to the infinite horrors of the Abyss.
 61519 | Depths:3 | Voluntarily entered the Abyss.
 61544 | Abyss:1  | Found a corrupted altar of Lugonu.
 61771 | Abyss:2  | Found a corrupted altar of Lugonu.
 61952 | Abyss:2  | Found a corrupted altar of Lugonu.
 61958 | Abyss:2  | Found a corrupted altar of Lugonu.
 62748 | Abyss:2  | Found a corrupted altar of Lugonu.
 62910 | Abyss:2  | Found a corrupted altar of Lugonu.
 63062 | Abyss:3  | Got an abyssal rune of Zot
 63076 | Depths:3 | Escaped the Abyss
 63252 | D:15     | You showed the abyssal rune of Zot to enter a treasure
                  | trove
 63253 | Trove    | Entered a treasure trove
 63274 | Trove    | Identified the ring "Fixec" {Ice Str+6}
 63477 | Depths:4 | Entered Level 4 of the Depths
 63477 | Depths:4 | Noticed a juggernaut
 63482 | Depths:4 | Killed a juggernaut
 63767 | Depths:4 | Found a gate to the Realm of Zot.
 63994 | Depths:4 | Identified the +11 flail "Botu" {antimagic, rC+ rN+ Stlth-}
 64710 | Zot:1    | Entered Level 1 of the Realm of Zot
 65351 | Zot:1    | Identified the +3 scale mail of the Sea {*Slow Int+2
                  | Slay+2}
 65616 | Zot:1    | Noticed an orb of fire
 65620 | Zot:1    | Killed an orb of fire
 65621 | Zot:1    | Noticed Vv
 65627 | Zot:1    | Killed Vv
 65793 | Zot:2    | Reached skill level 15 in Spellcasting
 67174 | Zot:3    | Noticed an orb of fire
 67175 | Zot:3    | Gained mutation: Your magical capacity is low. (-10% MP)
                  | [an orb of fire]
 67188 | Zot:3    | Killed an orb of fire
 67893 | Zot:4    | Identified the +1 scale mail of Xywihoi {rN+ Str+8 Slay+2
                  | Stlth-}
 68045 | Zot:4    | Identified the +9 dagger of Xireg {holy, Fragile rElec
                  | rPois SInv}
 68183 | Zot:5    | Entered Level 5 of the Realm of Zot
 68206 | Zot:5    | Noticed an orb of fire
 68214 | Zot:5    | Killed an orb of fire
 68237 | Zot:5    | Reached skill level 1 in Necromancy
 68243 | Zot:5    | Reached skill level 2 in Necromancy
 68255 | Zot:5    | Reached skill level 3 in Necromancy
 68303 | Zot:5    | Noticed an ancient lich
 68306 | Zot:5    | Killed an ancient lich
 68307 | Zot:5    | Reached skill level 4 in Necromancy
 68318 | Zot:5    | Noticed a dread lich
 68319 | Zot:5    | Reached skill level 5 in Necromancy
 68320 | Zot:5    | Noticed an orb of fire
 68320 | Zot:5    | Noticed an orb of fire
 68320 | Zot:5    | Noticed an ancient lich
 68327 | Zot:5    | Killed a dread lich
 68328 | Zot:5    | Reached skill level 6 in Necromancy
 68332 | Zot:5    | Killed an ancient lich
 68333 | Zot:5    | Reached skill level 7 in Necromancy
 68335 | Zot:5    | Gained mutation: You occasionally lose the ability to drink
                  | potions when taking damage. [an orb of fire]
 68337 | Zot:5    | Killed an orb of fire
 68339 | Zot:5    | Gained mutation: Your magical capacity is very low. (-20%
                  | MP) [an orb of fire]
 68342 | Zot:5    | Killed an orb of fire
 68348 | Zot:5    | Reached skill level 8 in Necromancy
 68349 | Zot:5    | Noticed an ancient lich
 68349 | Zot:5    | Noticed an orb of fire
 68349 | Zot:5    | Noticed an orb of fire
 68349 | Zot:5    | Noticed a dread lich
 68349 | Zot:5    | Noticed an ancient lich
 68355 | Zot:5    | Gained mutation: You are dopey. (Int -2) [an orb of fire]
 68375 | Zot:5    | Reached skill level 9 in Necromancy
 68405 | Zot:5    | Noticed an ancient lich
 68409 | Zot:5    | Killed an ancient lich
 68410 | Zot:5    | Reached skill level 10 in Necromancy
 68593 | Zot:4    | Lost mutation: You are frail. (-10% HP) [potion of
                  | mutation]
 68593 | Zot:4    | Lost mutation: You are dopey. (Int -2) [potion of mutation]
 68593 | Zot:4    | Lost mutation: Your body sometimes deteriorates upon taking
                  | damage. [potion of mutation]
 68593 | Zot:4    | Gained mutation: You sometimes lose the ability to drink
                  | potions when taking damage. [potion of mutation]
 69131 | Zot:5    | Gained mutation: You are dopey. (Int -2) [an orb of fire]
 69135 | Zot:5    | Killed an orb of fire
 69142 | Zot:5    | Gained mutation: You occasionally shout uncontrollably at
                  | your foes. [an orb of fire]
 69146 | Zot:5    | Killed an orb of fire
 69147 | Zot:5    | Reached skill level 11 in Necromancy
 69318 | Zot:5    | Killed an ancient lich
 69319 | Zot:5    | Reached skill level 12 in Necromancy
 69325 | Zot:5    | Killed an ancient lich
 69394 | Zot:5    | Killed a dread lich
 69471 | Zot:5    | Reached skill level 13 in Necromancy
 70116 | D:9      | Bought Sif Muna's Treatise on Fulgurous Spooky Mysteries
                  | for 644 gold pieces
 70125 | D:9      | Learned a level 8 spell: Infestation
 70330 | Vaults:2 | Bought a book of the Moon for 680 gold pieces
 70336 | Vaults:2 | Learned a level 5 spell: Silence
 70336 | Vaults:2 | Lost mutation: You are dopey. (Int -2) [potion of mutation]
 70336 | Vaults:2 | Lost mutation: You sometimes lose the ability to drink
                  | potions when taking damage. [potion of mutation]
 70336 | Vaults:2 | Gained mutation: Your magical capacity is extremely low.
                  | (-30% MP) [potion of mutation]
 70336 | Vaults:2 | Gained mutation: Your body sometimes deteriorates upon
                  | taking damage. [potion of mutation]
 70337 | Vaults:2 | Lost mutation: Your magical capacity is extremely low.
                  | (-30% MP) [potion of mutation]
 70337 | Vaults:2 | Lost mutation: Your magical capacity is very low. (-20% MP)
                  | [potion of mutation]
 70337 | Vaults:2 | Lost mutation: You occasionally lose the ability to drink
                  | potions when taking damage. [potion of mutation]
 70337 | Vaults:2 | Gained mutation: Your body often deteriorates upon taking
                  | damage. [potion of mutation]
 70337 | Vaults:2 | Gained mutation: You are vulnerable to cold. (rC-) [potion
                  | of mutation]
 70338 | Vaults:2 | Lost mutation: Your magical capacity is low. (-10% MP)
                  | [potion of mutation]
 70338 | Vaults:2 | Lost mutation: Your natural rate of healing is unusually
                  | fast. [potion of mutation]
 70338 | Vaults:2 | Lost mutation: You occasionally shout uncontrollably at
                  | your foes. [potion of mutation]
 70338 | Vaults:2 | Gained mutation: You occasionally lose the ability to drink
                  | potions when taking damage. [potion of mutation]
 70338 | Vaults:2 | Gained mutation: You are somewhat resistant to further
                  | mutation. [potion of mutation]
 70339 | Vaults:2 | Lost mutation: You are somewhat resistant to further
                  | mutation. [potion of mutation]
 70339 | Vaults:2 | Lost mutation: Your body often deteriorates upon taking
                  | damage. [potion of mutation]
 70339 | Vaults:2 | Gained mutation: One of your tentacles bears a spike.
                  | [potion of mutation]
 70339 | Vaults:2 | Gained mutation: You are robust. (+10% HP) [potion of
                  | mutation]
 70339 | Vaults:2 | Lost mutation: You are vulnerable to cold. (rC-) [potion of
                  | mutation]
 70340 | Vaults:2 | Lost mutation: One of your tentacles bears a spike. [potion
                  | of mutation]
 70340 | Vaults:2 | Lost mutation: Your body sometimes deteriorates upon taking
                  | damage. [potion of mutation]
 70340 | Vaults:2 | Gained mutation: Your system is resistant to poisons.
                  | (rPois) [potion of mutation]
 70340 | Vaults:2 | Gained mutation: You are clumsy. (Dex -2) [potion of
                  | mutation]
 70340 | Vaults:2 | Lost mutation: You are clumsy. (Dex -2) [potion of
                  | mutation]
 70341 | Vaults:2 | Lost mutation: Your system is resistant to poisons. (rPois)
                  | [potion of mutation]
 70341 | Vaults:2 | Lost mutation: You occasionally lose the ability to drink
                  | potions when taking damage. [potion of mutation]
 70341 | Vaults:2 | Gained mutation: Your flesh is heat resistant. (rF+)
                  | [potion of mutation]
 70341 | Vaults:2 | Gained mutation: You expend magic power (3 MP) to
                  | strengthen your wands. [potion of mutation]
 70341 | Vaults:2 | Gained mutation: You possess an exceptional clarity of
                  | mind. [potion of mutation]
 70609 | Depths:3 | Voluntarily entered the Abyss.
 70610 | Abyss:3  | Found a corrupted altar of Lugonu.
 70752 | Abyss:3  | Paralysed by accursed screaming for 1 turns
 70930 | Abyss:3  | Reached skill level 14 in Necromancy
 71037 | Abyss:3  | Paralysed by accursed screaming for 1 turns
 71100 | Abyss:3  | Gained mutation: You are strong-willed. (Will+) [a neqoxec]
 71172 | Abyss:3  | Reached skill level 15 in Necromancy
 71336 | Abyss:3  | Reached skill level 16 in Necromancy
 71340 | Abyss:3  | Paralysed by accursed screaming for 1 turns
 71345 | Abyss:3  | Paralysed by accursed screaming for 1 turns
 71594 | Abyss:3  | Reached skill level 17 in Necromancy
 71711 | Abyss:3  | Found a corrupted altar of Lugonu.
 71830 | Abyss:3  | Reached skill level 18 in Necromancy
 72001 | Depths:3 | Escaped the Abyss
 73605 | Hell     | Entered the Vestibule of Hell
 73606 | Hell     | Noticed Geryon
 73615 | Hell     | Killed Geryon
 73616 | Hell     | Reached skill level 19 in Necromancy
 73630 | Hell     | Noticed Murray
 73683 | Hell     | Reached skill level 20 in Necromancy
 73698 | Hell     | Killed Murray
 73846 | Hell     | Found a gateway to the Iron City of Dis.
 73877 | Hell     | Found a gateway to the freezing wastes of Cocytus.
 74009 | Hell     | Found a gateway to the decaying netherworld of Tartarus.
 74245 | Hell     | Found a gateway to the ashen valley of Gehenna.
 74434 | Tar:1    | Entered Level 1 of Tartarus
 75101 | Tar:2    | You are sucked into a shaft and drop 2 floors!
 75108 | Tar:4    | Reached skill level 21 in Necromancy
 75880 | Tar:6    | Reached skill level 22 in Necromancy
 76357 | Tar:7    | Entered Level 7 of Tartarus
 76919 | Tar:7    | Reached skill level 23 in Necromancy
 77160 | Tar:7    | Identified the +9 flail "Ostravun" {heavy, rC++ Str+4}
 77461 | Tar:7    | Reached skill level 24 in Necromancy
 77470 | Tar:7    | Noticed a dread lich
 77474 | Tar:7    | Killed a dread lich
 77684 | Tar:7    | Identified the +0 pair of boots "Jidamaph" {rF+ rC+ rCorr}
 77693 | Tar:7    | Identified the +11 dagger of Sytesivy {freeze, rC+}
 77781 | Tar:7    | Noticed Ereshkigal
 77799 | Tar:7    | Killed Ereshkigal
 77818 | Tar:7    | Reached skill level 25 in Necromancy
 77826 | Tar:7    | Killed from afar by a Tzitzimitl

Illustrated notes

Levels and vault maps discovered:
D:1:      eino_arrival_water_star, layout_basic, minmay_misc_feat_encased
D:2:      layout_rooms, uniq_sigmund
D:3:      layout_basic, xom_redecorated, gup_sewer_entry_spiral,
          kennysheep_path_1, uniq_jessica
D:4:      layout_loops_ring, nicolae_overflow_crystal_walls, led_sif_pool,
          uniq_blork_the_orc
D:5:      layout_cave_pools, lemuel_round_altar, nicolae_uskayaw_dance_hall,
          minmay_mini_ossuary, uniq_grinder
D:6:      layout_cave_pools, grunt_temple_overflow_open, uniq_crazy_yiuf_cottage
D:7:      layout_basic, mainiacjoe_overflow_six_doors_small,
          mainiacjoe_overflow_catwalk_spiral, minmay_temple_entry_hall,
          serial_shops, nicolae_shop_trees, solitary_fountain,
          eino_small_chamber_without_monster, kennysheep_generic_room_14
D:8:      layout_basic, enter_bailey_7
D:9:      layout_loops_ring, worldfamousw_hep_ancestral_shrine, erik_lair_island
D:10:     layout_basic, mainiacjoe_overflow_brackets, orc_david_3
D:11:     layout_rooms, portal_ice_cave_entry_ice_simulacra, ashenzari_altar_1
D:12:     layout_rooms, serial_shops, shop, minmay_misc_feat_chi, hex_tiny,
          chei_slow_surprise
D:13:     layout_basic, lightli_vaults_fourway_checkpoint
D:14:     minmay_opposing_rooms, layout_rooms, kennysheep_cross_bottleneck,
          uniq_kirke
D:15:     grunt_enter_depths_snipers, layout_long_grid, serial_bayou_pond_e,
          nicolae_trove_entry_diagonal, serial_undead, serial_undead_d,
          serial_undead_a, serial_undead_c, serial_undead_a, grunt_gozag_statues
Lair:1:   layout_regular_city, grunt_megastairs_5, lemuel_fruit_fields
Lair:2:   layout_hall_layers, serial_bayou_shore_a, grunt_megastairs_2
Lair:3:   beast_lair_carwin_large_3, layout_gridlike,
          minmay_shoals_entry_beasts, dummy_snake_entry, special_room
          [special_room_bee]
Lair:4:   layout_cellular_growth, slime_entry_1, st_stairs_9, wad_woods_02
Lair:5:   minmay_lair_end_enchanted_forest, layout_gridlike,
          chequers_serial_rivers_large_a, uniq_nessos, uniq_josephine, uniq_urug
Shoals:1: layout_shoals, uniq_louise, uniq_jorgrun
Shoals:2: layout_shoals, nicolae_shoals_lost_giant_baths, uniq_ilsuiw
Shoals:3: layout_shoals, nicolae_shoals_seven_spires
Shoals:4: shoals_end_grunt_ice, layout_shoals, shoal_ilsuiw, serial_shops, shop,
          nicolae_shoals_secluded_bog, uniq_polyphemus
Snake:1:  layout_honeycomb, minmay_shop_star, uniq_aizul
Snake:2:  layout_misc_corridors, special_room, serial_shops,
          nicolae_shop_advertising_works [nicolae_subvault_shop_adworks],
          shop_fountains, nicolae_shop_hallway_stairs, shop,
          nicolae_lakefront_shop, hangedman_snake_sidewinding,
          lemuel_fruit_tree, uniq_vashnia
Snake:3:  cheibrodos_snake_ritualist_ritual, layout_chambers, uniq_nikola,
          uniq_azrael, uniq_bai_suzhen
Snake:4:  grunt_snake_rune_serpentine_throne, layout_chambers
Slime:1:  layout_caves
Slime:2:  layout_caves
Slime:3:  layout_caves
Slime:4:  layout_caves
Slime:5
Orc:1:    layout_caves
Orc:2:    pf_orc_diabolical, layout_caves, serial_shops,
          nicolae_shop_behind_doors, nicolae_orc_tapped_out
Elf:1:    nicolae_elf_arrival_fired_up, layout_onion_city, serial_shops, shop,
          grunt_ministairs_14, minivault_8
Elf:2:    elven_hall_of_blades_hangedman_alternative [nicolae_blade_lattice],
          layout_onion_city, ebering_ghost_inner_flame, door_vault
Elf:3:    nooodl_elf_gasket, layout_geoelf_grid, uniq_asterion
Vaults:1: vaults_dpeg_diagonal, v_misc_3, dpeg_vaults_pockets_of_resistance,
          vaults_mumra_hex, v_rooms_5, ontoclasm_vaults_pinch,
          nicolae_vaults_shelves_hall, vaults_room_ringed_pool,
          nicolae_vaults_mini_display_case, vaults_room_large_hall,
          layout_vaults_maze_bifur, serial_shops, nicolae_shop_crystal
Vaults:2: ploomutoo_gammafunk_ghost_potion_laboratory, vaults_room_large_hall,
          nicolae_vaults_network_s, ontoclasm_vaults_ring_square,
          vaults_room_door_ring, nicolae_vaults_big_ls, v_misc_33,
          vaults_standard_mumra_lines, ontoclasm_vaults_shuriken,
          vaults_dpeg_cross, vaults_room_semicircle,
          vaults_room_mumra_shop_pool, layout_vaults_big_room, serial_shops,
          nicolae_diamond_shop, uniq_mara, uniq_donald
Vaults:3: ontoclasm_vaults_ligature, v_misc_3, nicolae_vaults_shelves_hall,
          ontoclasm_vaults_decontamination, nicolae_vaults_three_branches,
          grunt_vaults_hallway_short, vaults_dpeg_emergency_exit,
          vaults_room_corners, nicolae_vaults_diagonal_hallway_7,
          nicolae_vaults_alarming, layout_vaults_omnigrid, dummy_crypt_entry
Vaults:4: vaults_room_grunt_arrival_ludios, v_misc_19, grunt_vaults_twisty,
          vaults_standard_mumra_x, v_misc_3, vaults_room_hallway,
          vaults_dpeg_encased_lava, v_misc_3, layout_vaults_omnibox
Vaults:5: serial_shops
Crypt:1:  layout_gridlike, lemuel_upstairs_altar
Crypt:2:  layout_misc_corridors, st_burial_chamber, uniq_grunn, uniq_mennas,
          uniq_zenata
Crypt:3:  lightli_unholy_cathedral, layout_chaotic_city,
          nicolae_tomb_entry_unfolded_pyramid_orthogonal, uniq_frederick,
          uniq_margery
Depths:1: layout_roguey, serial_shops, bzr_firewalk, shop, fedhas_altar_2,
          grunt_hell_entry_dis_grunt, nicolae_qazlal_style_of_elements,
          grunt_megastairs_3, uniq_saint_roka
Depths:2: minmay_two_paths, layout_basic, hell_entry, rand_demon_pan_entry_4,
          nicolae_wwwww, evilmike_minifort
Depths:3: minmay_the_grid_octo_tiled_octocenter_mashed
          [minmay_the_grid_octo_concentric, minmay_the_grid_octo_clover_2,
          minmay_the_grid_octo_thin_diamonds, minmay_the_grid_octo_77,
          minmay_the_grid_octo_prize_big_c, minmay_the_grid_square_5x5_shuriken,
          minmay_the_grid_square_5x5_three, minmay_the_grid_square_5x5_inset,
          minmay_the_grid_square_5x5_bridge], layout_basic, enter_ziggurat_d,
          hell_entry, abyss_entry, pan_entry
Depths:4: evilmike_zot_entry_gauntlet, layout_gridlike, hell_entry,
          nicolae_eternal_life
Hell
Tar:1:    layout_grid_maze
Tar:2:    layout_honeycomb
Tar:4:    layout_cathedral_of_symmetry
Tar:5:    layout_grid_maze, nicolae_tar_cuneiform_city
Tar:6:    nicolae_tar_tart_auras, layout_cathedral_of_symmetry
Tar:7:    tar_grunt_cathedral
Zot:1:    layout_basic, uniq_vv
Zot:2:    layout_twisted_circle, grunt_ministairs_3
Zot:3:    layout_gridlike
Zot:4:    layout_cellular_growth, lemuel_baited_zot_trap
Zot:5:    layout_misc_corridors

Skill      XL: |  1  2  3  4  5  6  7  8  9 10 11 12 13 14 15 16 17 18 19 20 21 22 23 24 25 26 27 |
---------------+----------------------------------------------------------------------------------+-----
Fighting       | 2 3 4 5 6 7 9 10 11 12 13 14 15 16 17 18 21 | 21.0
Transmutations | 3 4 5 6 7 9 10 11 12 14 16 17 18 19 20 21 | 21.3
Ice Magic      | 1 2 3 4 5 |  5.0
Dodging        | 3 4 5 6 7 8 9 10 11 12 13 14 15 16 17 18 21 | 21.0
Spellcasting   | 3 4 5 6 7 8 9 10 11 12 17 | 17.0
Unarmed Combat | 4 5 6 7 8 9 10 11 12 13 14 15 16 17 18 21 | 21.0
Air Magic      | 3 6 8 10 12 13 16 17 18 19 20 21 | 21.3
Summonings     | 5 10 | 10.0
Translocations | 5 10 | 10.0
Evocations     | 6 9 11 | 11.0
Necromancy     | 25 | 25.1

Action                   |  1- 3 |  4- 6 |  7- 9 | 10-12 | 13-15 | 16-18 | 19-21 | 22-24 | 25-27 || total
-------------------------+-------+-------+-------+-------+-------+-------+-------+-------+-------++-------
Melee: Unarmed           |    60 |    69 |   224 |   433 |   850 |   792 |   833 |   891 |  2434 ||  6586
       Kick              |    15 |    19 |       |       |       |       |       |       |       ||    34
       Constrict         |    17 |    25 |     2 |       |     4 |     1 |     1 |     4 |     3 ||    57
       Tentacles         |     8 |     9 |     1 |       |     4 |    12 |     3 |     8 |    15 ||    60
       Punch             |       |       |       |       |     8 |    76 |    78 |   117 |   398 ||   677
       Staff             |       |       |       |       |       |       |       |     3 |    30 ||    33
 Cast: Beastly Appendage |    15 |    21 |     1 |       |       |       |       |       |       ||    37
       Wereblood         |     5 |    20 |     8 |    38 |    58 |    49 |    66 |    79 |   165 ||   488
       Ice Form          |       |       |    38 |    43 |    68 |       |       |       |       ||   149
       Storm Form        |       |       |       |       |     8 |    55 |    68 |    83 |   169 ||   383
       Vhi's Electric Ch |       |       |       |       |       |       |    18 |    78 |   299 ||   395
       Summon Forest     |       |       |       |       |       |       |       |     4 |     1 ||     5
       Swiftness         |       |       |       |       |       |       |       |     1 |       ||     1
       Death Channel     |       |       |       |       |       |       |       |       |    43 ||    43
       Death's Door      |       |       |       |       |       |       |       |       |     3 ||     3
Invok: Call Merchant     |       |       |       |     3 |     2 |       |     4 |     2 |     3 ||    14
       Potion Petition   |       |       |       |       |     2 |     1 |     1 |     1 |     3 ||     8
 Abil: Blinkbolt         |       |       |       |       |       |       |     1 |     7 |    23 ||    31
       Evoke Blink       |       |       |       |       |       |       |       |     1 |       ||     1
Evoke: Wand              |       |       |       |     4 |       |       |       |       |     1 ||     5
  Use: Potion            |     1 |       |       |     2 |     2 |       |     2 |     3 |     9 ||    19
       Scroll            |       |       |    19 |    11 |     6 |     1 |       |     7 |    10 ||    54
 Stab: Sleeping          |     2 |     4 |     1 |     1 |       |       |       |       |    11 ||    19
       Distracted        |       |       |       |     2 |     4 |     7 |    19 |     3 |    43 ||    78
       Petrified         |       |       |       |       |       |       |    14 |       |       ||    14
Armor: Skin              |     5 |     2 |    34 |    80 |   185 |   107 |   129 |   215 |   423 ||  1180
Dodge: Dodged            |    43 |    33 |   119 |   332 |   866 |   736 |  1028 |   833 |  1638 ||  5628
Block: Other             |    12 |    10 |    33 |    17 |       |       |       |       |       ||    72

Table legend: (Time is in decaauts)
 A = Elapsed time spent in this place.
 B = Non-inter-level travel time spent in this place.
 C = Inter-level travel time spent in this place.
 D = Time resting spent in this place.
 E = Time spent auto-exploring this place.
 F = Levels seen in this place.
 G = Mean time per level.
                   A        B        C        D        E       F      G
               +--------+--------+--------+--------+--------+-----+--------+
         Total |  76433 |  66583 |   9850 |   1147 |  50907 |  69 | 1107.7 |
       Dungeon |  19073 |  14219 |   4854 |    503 |  11084 |  15 | 1271.5 |
          Lair |   6722 |   5658 |   1064 |      0 |   4318 |   5 | 1344.4 |
        Shoals |   4859 |   4531 |    328 |      0 |   3691 |   4 | 1214.8 |
     Snake Pit |   5451 |   5258 |    193 |     19 |   4304 |   4 | 1362.8 |
    Slime Pits |   2656 |   2605 |     51 |     89 |   2064 |   5 |  531.2 |
  Orcish Mines |   1839 |   1579 |    260 |      0 |   1278 |   2 |  919.5 |
   Elven Halls |   5325 |   5186 |    139 |      2 |   3908 |   3 | 1775.0 |
        Vaults |   9023 |   7467 |   1556 |     51 |   5943 |   5 | 1804.6 |
         Crypt |   3435 |   3292 |    143 |      0 |   2682 |   3 | 1145.0 |
        Depths |   5566 |   4694 |    872 |      0 |   3753 |   4 | 1391.5 |
          Hell |    793 |    739 |     54 |      0 |    574 |   1 |  793.0 |
      Tartarus |   3309 |   3260 |     49 |      0 |   2665 |   6 |  551.5 |
           Zot |   5008 |   4725 |    283 |    483 |   3363 |   5 | 1001.6 |
         Abyss |   2723 |   2723 |      0 |      0 |    881 |   4 |  680.8 |
        Bazaar |    115 |    115 |      0 |      0 |     81 |   1 |  115.0 |
         Trove |     58 |     58 |      0 |      0 |     29 |   1 |   58.0 |
        Bailey |    471 |    471 |      0 |      0 |    286 |   1 |  471.0 |
               +--------+--------+--------+--------+--------+-----+--------+

Top non-repeatable levels by time:
    D:10: 2366 daAuts
Vaults:1: 2091 daAuts
   Elf:3: 2053 daAuts
   Elf:2: 2041 daAuts
Vaults:2: 1969 daAuts
Depths:2: 1825 daAuts
Vaults:3: 1812 daAuts
     D:1: 1788 daAuts
     D:3: 1772 daAuts
  Lair:4: 1738 daAuts
 Snake:4: 1701 daAuts
    D:15: 1639 daAuts
Vaults:4: 1627 daAuts
    D:13: 1592 daAuts
  Lair:5: 1590 daAuts
